 Dungeon Crawl Stone Soup version 0.30-a0-989-g0d87f670db (webtiles) character file.

Game seed: 17758669039236101657

207 leviel the Chopper (level 5, -4/47 HPs)
             Began as a Hill Orc Monk on Apr 2, 2023.
             Was a Follower of the Shining One.
             Slain by a gnoll
             ... wielding a +0 halberd
             ... led by a gnoll bouda
              (10 damage)
             ... on level 4 of the Dungeon on Apr 3, 2023.
             The game lasted 00:04:46 (2505 turns).

leviel the Chopper (Hill Orc Monk)                  Turns: 2505, Time: 00:04:47

Health: -4/47      AC:  6    Str: 16    XL:     5   Next: 85%
Magic:  5/5        EV: 12    Int: 10    God:    the Shining One [*.....]
Gold:   158        SH:  0    Dex: 15    Spells: 4/4 levels left

rFire   . . .      SeeInvis .    e - +0 war axe
rCold   . . .      Faith    .    (no shield)
rNeg    . . .      Spirit   .    h - +0 ring mail
rPois   .          Reflect  .    (no helmet)
rElec   .          Rampage  .    (no cloak)
rCorr   .                        j - +0 pair of gloves
Will    .....                    (no boots)
Stlth   +                        (no amulet)
HPRegen 0.27/turn                (no ring)
MPRegen 0.09/turn                (no ring)

@: glowing
A: thin skeletal structure 1
a: Renounce Religion, Divine Shield


You were on level 4 of the Dungeon.
You worshipped the Shining One.
The Shining One was aware of your devotion.
You visited 1 branch of the dungeon, and saw 4 of its levels.

You collected 161 gold pieces.
You donated 3 gold pieces to Zin.

Inventory:

Hand Weapons
 a - a +1 hand axe
 e - a +0 war axe (weapon)
Armour
 b - a +0 robe
 h - a +0 ring mail (worn)
 j - a +0 pair of gloves (worn)
Jewellery
 l - a ring of positive energy
Scrolls
 d - 5 scrolls of identify {@r1}
 f - a scroll of fog
 g - a scroll of vulnerability {unknown}
Potions
 i - a potion of might {unknown}
 k - 2 potions of degeneration {unknown}


   Skills:
 + Level 4.4 Fighting
 + Level 6.3 Axes
 + Level 1.9 Armour
 + Level 3.2 Dodging
 + Level 1.8 Stealth


You had 4 spell levels left.
You didn't know any spells.
Your spell library contained the following spells:

 Spells                   Type           Power      Damage    Failure   Level
 Sting                    Tmut/Pois      0%         1d3       56%         1
 Poisonous Vapours        Pois/Air       0%         N/A       71%         2
 Olgreb's Toxic Radiance  Pois           0%         N/A       100%        4


Dungeon Overview and Level Annotations

Branches:
Dungeon (4/15)
 Temple: D:4-7

Altars:
Zin
The Shining One


Innate Abilities, Weirdness & Mutations

You have a somewhat thin skeletal structure. (Dex +2, Stealth+)


Message History

You hit the gnoll.
The gnoll is heavily wounded.
The gnoll completely misses you.
The gnoll hits you from afar with a +0 halberd!
The gnoll hits you but does no damage.
You barely miss the gnoll.
The gnoll is heavily wounded.
The gnoll closely misses you. x2; The gnoll misses you.
The gnoll attacks as you move away! The gnoll barely misses you. x2
There is a stone staircase leading up here.
You see here a throwing net.
Found a stone staircase leading up.
You feel better.
The gnoll hits you from afar with a +0 spear.
The gnoll completely misses you.
You hit the gnoll but do no damage.
The gnoll is heavily wounded.
The gnoll hits you with a +0 spear. The gnoll barely misses you.
You hit the gnoll but do no damage.
The gnoll is heavily wounded.
The gnoll hits you with a +0 spear. The gnoll closely misses you.
You hit the gnoll.
The gnoll is severely wounded.
The gnoll hits you but does no damage.
The gnoll hits you from afar with a +0 halberd!
You barely miss the gnoll.
The gnoll is severely wounded.
The gnoll barely misses you.
The gnoll hits you from afar with a +0 halberd.
* * * LOW HITPOINT WARNING * * *
The gnoll hits you but does no damage.
You slash the gnoll!
You kill the gnoll!
The gnoll closely misses you. The gnoll closely misses you.
You see here a +0 spear.
You hit the gnoll but do no damage. The gnoll hits you with a +0 halberd.
* * * LOW HITPOINT WARNING * * *
The gnoll hits you with a +0 halberd!
You die...

.... #..# #..# #..#
##..# ##..# ##..# ##..##
...##.@## ######
.......g.### ##....####
.#######..>###........##
##...##.........#
###.............
##............
###..........
#.......... ##!.<......


You could see a gnoll.

Vanquished Creatures
  A gnoll bouda (D:3)
  An orc wizard (D:3)
  5 gnolls
  4 adders (D:2)
  4 worms
  2 dart slugs (D:2)
  6 orcs (D:3)
  4 ball pythons
  2 bats
  2 endoplasms
  3 giant cockroaches
  2 goblins (D:2)
  7 hobgoblins
  3 quokkas
  2 frilled lizards
  2 kobolds (D:1)
  3 rats (D:1)
53 creatures vanquished.

Vanquished Creatures (others)
  4 demonic plants (D:1)
  2 withered plants (D:1)
6 creatures vanquished.

Grand Total: 59 creatures vanquished

Notes
Turn   | Place    | Note
-------+----------+-------------------------------------------
     0 | D:1      | leviel the Hill Orc Monk began the quest for the Orb.
     0 | D:1      | Reached XP level 1. HP: 19/19 MP: 1/1
   180 | D:1      | Found a faded altar of an unknown god.
   294 | D:1      | Reached XP level 2. HP: 26/27 MP: 2/2
   580 | D:1      | Reached XP level 3. HP: 14/33 MP: 3/3
   611 | D:1      | Prayed at the altar of an unknown god.
   611 | D:1      | Became a worshipper of Zin the Law-Giver
   611 | D:1      | Reached * piety under Zin
   611 | D:1      | Reached ** piety under Zin
   744 | D:2      | Reached *** piety under Zin
   785 | D:2      | Reached skill level 1 in Armour
   885 | D:2      | Gained mutation: You have a somewhat thin skeletal
                  | structure. (Dex +2, Stealth+) [potion of mutation]
   885 | D:2      | Zin protects you from harm!
   889 | D:2      | Reached skill level 5 in Axes
   889 | D:2      | Reached XP level 4. HP: 14/40 MP: 4/4
  1022 | D:2      | Found a glowing golden altar of the Shining One.
  1043 | D:2      | Fell from the grace of Zin
  1043 | D:2      | Became a worshipper of the Shining One
  1043 | D:2      | Reached * piety under the Shining One
  1709 | D:3      | Reached XP level 5. HP: 38/47 MP: 5/5
  2404 | D:3      | Reached skill level 6 in Axes
  2505 | D:4      | Slain by a gnoll

Illustrated notes

Levels and vault maps discovered:
D:1:      dpeg_arrival_triangle_fractal, layout_loops_corners,
          shapermc_ecumenical_altar_gd
D:2:      layout_basic, basic_altar, chequers_garden
D:3:      layout_basic, wander_ebering_terrifying_dragon_lair
D:4:      layout_cave_pods, minmay_misc_feat_plants

Skill      XL: |  1  2  3  4  5 |
---------------+----------------+-----
Fighting       | 4 |  4.4
Armour         | 1 |  1.9
Axes           | 5 6 |  6.3
Dodging        | 3 |  3.2
Stealth        | |  1.8

Action                     |  1- 3 |  4- 6 || total
---------------------------+-------+-------++-------
  Melee: Hand axe          |   119 |    81 ||   200
         Punch             |     1 |       ||     1
         War axe           |       |    40 ||    40
    Use: Potion            |     3 |     1 ||     4
         Scroll            |       |     4 ||     4
 Armour: Robe              |     7 |       ||     7
         Ring mail         |    29 |    36 ||    65
  Dodge: Dodged            |    84 |    65 ||   149

Table legend: (Time is in decaauts)
 A = Elapsed time spent in this place.
 B = Non-inter-level travel time spent in this place.
 C = Inter-level travel time spent in this place.
 D = Time resting spent in this place.
 E = Time spent auto-exploring this place.
 F = Levels seen in this place.
 G = Mean time per level.
                   A        B        C        D        E       F      G
               +--------+--------+--------+--------+--------+-----+--------+
         Total |   2526 |   2441 |     85 |     89 |   1837 |   4 |  631.5 |
       Dungeon |   2526 |   2441 |     85 |     89 |   1837 |   4 |  631.5 |
               +--------+--------+--------+--------+--------+-----+--------+

Top non-repeatable levels by time:
     D:3: 1053 daAuts
     D:2: 796 daAuts
     D:1: 634 daAuts
     D:4: 41 daAuts
